 Dungeon Crawl Stone Soup version 0.29-a0-22-gbf593b16ee (webtiles) character file.

Game seed: 17247006997655741195

22 Sweetruy1997 the Conjurer (level 2, -2/17 HPs)
             Began as an Octopode Conjurer on Jan 30, 2022.
             Slain by a quokka (4 damage)
             ... on level 1 of the Dungeon.
             The game lasted 00:02:18 (755 turns).

Sweetruy1997 the Conjurer (Octopode Conjurer)        Turns: 755, Time: 00:02:18

Health: -2/17      AC:  1    Str:  6    XL:     2   Next: 91%
Magic:  1/5        EV: 13    Int: 20    God:
Gold:   38         SH:  0    Dex: 10    Spells: 4/5 levels left

rFire   . . .      SeeInvis .   b - +2 dagger (freeze)
rCold   . . .      Faith    .   (no shield)
rNeg    . . .      Spirit   .   (helmet restricted)
rPois   .          Reflect  .   (no amulet)
rElec   .          Harm     .   (no ring)
rCorr   .          Rampage  .   (no ring)
Will    .....                   (no ring)
Stlth   +++.......              (no ring)
HPRegen 0.05/turn               (no ring)
MPRegen 0.09/turn               (no ring)
                                (no ring)
                                (no ring)

@: flying
A: almost no armour, amphibious, 8 rings, camouflage 1, gelatinous body 1,
(nimble swimmer 1), tentacles
a: no special abilities


You were on level 1 of the Dungeon.
You visited 1 branch of the dungeon, and saw 1 of its levels.

You collected 38 gold pieces.

Inventory:

Hand Weapons
 b - a +2 dagger of freezing (weapon)
Scrolls
 a - a scroll of fear {unknown}
Potions
 d - a potion of cancellation {unknown}


   Skills:
 + Level 2.0 Dodging
 + Level 2.8 Stealth
 + Level 2.1 Spellcasting
 + Level 4.7 Conjurations


You had 4 spell levels left.
You knew the following spells:

 Your Spells              Type           Power      Damage    Failure   Level
a - Magic Dart            Conj           80%        1d7       2%          1

Your spell library contained the following spells:

 Spells                   Type           Power      Damage    Failure   Level
 Searing Ray              Conj           40%        2d5       3%          2
 Dazzling Flash           Conj/Hex       22%        N/A       19%         3
 Fulminant Prism          Conj/Hex       5%         3d7       52%         4
 Iskenderun's Mystic Bla  Conj/Tloc      11%        2d4       52%         4


Dungeon Overview and Level Annotations

Branches:
Dungeon (1/15)

Altars:


Innate Abilities, Weirdness & Mutations

You cannot wear most types of armour.
You are amphibious.
You can wear up to eight rings at the same time.
Your skin changes colour to match your surroundings (Stealth+).
Your rubbery body absorbs attacks. (AC +1, EV +1)
((You are camouflaged when in or above water. (Stealth+)))
You have tentacles for arms and can constrict up to eight enemies at once.


Message History

The bat hits you. The bat hits you but does no damage.
You hit the ball python.
The ball python seems to slow down.
You freeze the ball python. Your grab misses the ball python.
The ball python is severely wounded.
The bat closely misses you. The ball python bites you.
The ball python misses you. The bat misses you.
The quokka twitches its whiskers.
You hit the ball python. You freeze the ball python.
You kill the ball python!
The bat misses you.
You hit the quokka. You freeze the quokka. Your grab misses the quokka.
Your squeeze misses the quokka.
The quokka is heavily wounded.
The bat barely misses you. The quokka completely misses you.
You closely miss the quokka. Your grab misses the quokka.
Your squeeze misses the quokka.
The quokka is heavily wounded.
The bat closely misses you. The quokka barely misses you. The bat hits you.
You barely miss the quokka. Your grab misses the quokka.
The quokka is heavily wounded.
The bat hits you. The quokka bites you.
You are too injured to fight recklessly!
You are too injured to fight recklessly!
The bat barely misses you. The quokka misses you.
You closely miss the quokka. Your grab misses the quokka.
The quokka is heavily wounded.
The quokka bites you.
* * * LOW HITPOINT WARNING * * *
You closely miss the quokka. Your grab misses the quokka.
Your squeeze misses the quokka.
The quokka is heavily wounded.
The quokka bites you.
* * * LOW HITPOINT WARNING * * *
The quokka closely misses you.
You are too injured to fight recklessly!
It was a potion of flight.
You feel very buoyant.
You fly up into the air.
The quokka bites you.
You die...

..............#... #.#
..#....###....##.###.#
..#.##........# ..
.##.##...##...####.#
.......###.......#.#
............#....#.# #
.##.#######......#$#
..# ....#
#.......#.#)...# #####
#...#..@rb.....# #
.......#######.#. #
........#
#######........#
...............
#####..........
....... .......


You could see a quokka and a bat.

Vanquished Creatures
  3 bats (D:1)
  An endoplasm (D:1)
  A goblin (D:1)
  2 hobgoblins (D:1)
  2 jackals (D:1)
  A quokka (D:1)
  3 ball pythons (D:1)
  2 frilled lizards (D:1)
  3 kobolds (D:1)
  5 rats (D:1)
23 creatures vanquished.

Notes
Turn   | Place    | Note
-------+----------+-------------------------------------------
     0 | D:1      | Sweetruy1997 the Octopode Conjurer began the quest for the
                  | Orb.
     0 | D:1      | Reached XP level 1. HP: 11/11 MP: 3/3
   191 | D:1      | Reached XP level 2. HP: 11/17 MP: 0/5
   595 | D:1      | Found a faded altar of an unknown god.
   755 | D:1      | Slain by a quokka

Illustrated notes

Levels and vault maps discovered:
D:1:      beargit_arrival_greenhouse, layout_rooms,
          hellmonk_ecumenical_altar_blasted, grunt_decor_one_mirror,
          grunt_decor_fettered, hangedman_feature_mirror

Action                   || total
-------------------------++-------
Melee: Unarmed           ||    12
       Tentacles         ||     6
       Constrict         ||     5
       Dagger            ||     8
 Cast: Magic Dart        ||    29
  Use: Potion            ||     1
Armor: Skin              ||     4
Dodge: Dodged            ||    20

Table legend: (Time is in decaauts)
 A = Elapsed time spent in this place.
 B = Non-inter-level travel time spent in this place.
 C = Inter-level travel time spent in this place.
 D = Time resting spent in this place.
 E = Time spent auto-exploring this place.
 F = Levels seen in this place.
 G = Mean time per level.
                   A        B        C        D        E       F      G
               +--------+--------+--------+--------+--------+-----+--------+
         Total |    754 |    754 |      0 |      8 |    635 |   1 |  754.0 |
       Dungeon |    754 |    754 |      0 |      8 |    635 |   1 |  754.0 |
               +--------+--------+--------+--------+--------+-----+--------+

Top non-repeatable levels by time:
     D:1: 754 daAuts
